 Dungeon Crawl Stone Soup version 0.30.1-11-g7821555f0a (webtiles) character file.

Game seed: 17728539358532933830

118222 eliilek the Peltast (level 16, -14/152 HPs)
             Began as a Minotaur Fighter on Nov 29, 2023.
             Was a High Priest of Trog.
             Demolished by a bunyip (41 damage)
             ... on level 4 of the Swamp on Dec 11, 2023.
             The game lasted 00:56:05 (22472 turns).

eliilek the Peltast (Minotaur Fighter)             Turns: 22472, Time: 00:56:06

Health: -14/152    AC: 23    Str: 31    XL:     16   Next: 25%
Magic:  15/15      EV: 11    Int:  5    God:    Trog [*****.]
Gold:   1758       SH: 21    Dex: 14    Spells: 15/15 levels left

rFire   + . .        a - +3 war axe (vamp)
rCold   . . .        g - +0 tower shield
rNeg    + . .        J - +1 plate armour {rF+}
rPois   +            (helmet restricted)
rElec   .            o - +2 cloak {Stlth+}
rCorr   .            (no gloves)
SInv    .            w - +0 pair of boots
Will    +....        (no amulet) Stlth
                     O - ring of poison resistance
HPRegen 0.45/turn    M - ring of the Castellan {rN+ Str+6 Stlth-}
MPRegen 0.14/turn

%: no passive effects
@: no status effects
A: horns 2, retaliatory headbutt
a: Renounce Religion, Berserk, Trog's Hand, Brothers in Arms


You were on level 4 of the Swamp.
You worshipped Trog.
Trog was extremely pleased with you.
You visited 3 branches of the dungeon, and saw 21 of its levels.
You also visited: Bailey and Ice Cave.

You collected 1758 gold pieces.

Inventory:

Hand Weapons
 a - a +3 vampiric war axe (weapon)
 b - a +3 flail of flaming
Missiles
 m - 34 poisoned darts (quivered)
 A - 5 curare-tipped darts
Armour
 g - a +0 tower shield (worn)
 o - a +2 cloak of stealth (worn)
 w - a +0 pair of boots (worn)
 J - a +1 plate armour of fire resistance (worn)
Jewellery
 i - a ring of protection from cold
 p - a +4 ring of slaying
 K - a ring of flight
 L - a ring of protection from fire
 M - the ring of the Castellan (right hand) {rN+ Str+6 Stlth-}
   (You took it off an orc on level 12 of the Dungeon)

   [ring of positive energy]

   Str:       It affects your strength (+6).
   rN:        It protects you from negative energy.
   Stlth:     It makes you less stealthy.
 O - a ring of poison resistance (left hand)
Wands
 n - a wand of quicksilver (14)
 t - a wand of paralysis (15)
 y - a wand of mindburst (5)
 G - a wand of roots (22)
 I - a wand of flame (16)
Scrolls
 h - 8 scrolls of teleportation
 j - 2 scrolls of fear {unknown}
 l - 2 scrolls of vulnerability {unknown}
 q - a scroll of magic mapping
 s - 2 scrolls of blinking {unknown}
 x - a scroll of immolation {unknown}
 z - 5 scrolls of enchant weapon
 C - a scroll of summoning {unknown}
 D - a scroll of brand weapon
 F - 3 scrolls of enchant armour
 P - a scroll of silence
 Q - 2 scrolls of identify
Potions
 c - 3 potions of magic {unknown}
 d - 3 potions of might
 e - 2 potions of lignification {unknown}
 f - 11 potions of heal wounds
 k - 3 potions of resistance
 r - 7 potions of curing
 u - 2 potions of flight
 v - 4 potions of mutation
 B - 4 potions of haste
 E - a potion of brilliance {unknown}
 H - 2 potions of invisibility
 N - a potion of cancellation {unknown}


   Skills:
 + Level 16.7 Fighting
 + Level 16.2(16.3) Axes
 - Level 2.4(10.9) Maces & Flails
 + Level 16.4 Armour
 - Level 8.0 Dodging
 * Level 20.0 Shields


You had 15 spell levels left.
You didn't know any spells.
Your spell library contained the following spells:

 Spells                   Type           Power      Damage    Failure   Level
 Scorch                   Fire           0%         2d5       99%         2
 Flame Wave               Conj/Fire      0%         2d4       100%        4
 Summon Cactus Giant      Summ           0%         N/A       100%        6


Dungeon Overview and Level Annotations

Branches:
Dungeon (12/15)            Temple (0/1) D:4            Lair (5/5) D:11
  Swamp (4/4) Lair:2        Snake (0/4) Lair:3        Slime (0/5) Lair:5
    Orc (0/2) D:12         Bailey (visited)           IceCv (visited)

Altars:
Ashenzari
Elyvilon
Fedhas
Gozag
Hepliaklqana
Ru
Trog
Zin
Jiyva

Annotations:
Lair:4 3 runed translucent doors, auo's ghost, journeyman DrTm
Lair:5 3 runed translucent doors, Zaihatrei's ghost, journeyman MiBe


Innate Abilities, Weirdness & Mutations

You have a pair of horns on your head.
You reflexively headbutt those who attack you in melee.


Message History

The bunyip is lightly wounded.
Branches wave dangerously above you.
Your deep troll barely misses the spriggan druid.
Your deep troll claws the spriggan druid!
Your deep troll closely misses the spriggan druid.
A swamp drake comes into view.
You slice the bunyip!!
You feel better.
Your headbutt misses the bunyip.
The bunyip is heavily wounded.
You slash the alligator!
You feel better.
Your deep troll bites the spriggan druid!!
With its final breath, the spriggan druid offers up its power to the beasts of the wild!
The alligator is healed.
The bunyip is healed.
The alligator seems to grow more fierce.
The swamp drake seems to grow more fierce.
The alligator seems to grow more fierce.
The bunyip seems to grow more fierce.
The spriggan druid dies!
Trog accepts your kill.
Trog appreciates your killing of a magic user.
The forest abruptly stops moving.
The alligator closely misses you. x2
The swamp drake breathes poison at you.
A harpoon shot appears from out of your range of vision.
The harpoon shot hits your deep troll!
You hit the bunyip but do no damage.
The bunyip is moderately wounded.
You barely miss the alligator. You block the alligator's attack. x2
Unknown command.
You slice the bunyip!!
You feel better.
The bunyip is heavily wounded.
You slice the alligator!!
You feel better.
You barely miss the alligator. The alligator barely misses you.
You furiously retaliate!
You headbutt the alligator!
The alligator tail-slaps you but does no damage.
The alligator bites you!!
* * * LOW HITPOINT WARNING * * *
The alligator tail-slaps you but does no damage.
You block the bunyip's attack. The bunyip claws you!
* * * LOW HITPOINT WARNING * * *
The bunyip claws you!!!
You die...

♣.~~~♣~.~♣ ♣~~~.§~§~♣#
~..♣♣♣♣.~~## ♣~.♣♣♣..~~~##
♣...♣~~.~..~##
♣...~§†♣†.~..♣###♣♣
♣.~~~~~.♣~♣♣~.~##[## ~
.~~~~~~.♣♣♣♣♣♣.[.°°♣~~T§
~~~~~~~~.♣ ♣.t@°°°...~..
..§~~~~§.♣♣ ♣.tx°°°.~...~
~~~~~~§..~♣♣♣~♣~°.°~.~~.~.
~~~§~~~.♣~.....♣♣.♣♣...♣♣.
~~~..~~§♣.~~~§~.♣♣♣ ♣...♣
~~...~~~♣.~~~~~.~♣♣ ♣.~♣
..♣♣.~~.♣♣.~~~~.~.. ~.♣ ..
♣♣~~.♣~~~~~~..~~ ♣♣
.§~~♣.~.~~§♣♣. ~~~~~


You could see a bunyip (strong), 2 alligators and a friendly deep troll
(summoned, berserk, very poisoned).

Vanquished Creatures
  Frances (D:12)
  A thorn hunter (Swamp:1)
  6 eleionomae
  3 bunyips
  Snorg (D:11)
  Josephine (D:12)
  2 shambling mangroves
  9 hydras
  A ghost crab (Swamp:3)
  A boulder beetle (D:11)
  A two-headed ogre (D:12)
  5 alligators
  14 death yaks
  A spriggan berserker (Swamp:3)
  Nergalle (D:12)
  Urug (Lair:3)
  2 goliath frogs
  A skyshark (Lair:5)
  Amaemon (Lair:3)
  7 swamp dragons
  2 spriggan druids
  Pikel (D:8)
  2 bog bodies
  2 ugly things (D:12)
  An orc knight (Bailey)
  3 manticores
  3 will-o-the-wisps
  41 elephants
  A cyclops (D:11)
  A torpor snail (Lair:5)
  Joseph (D:8)
  6 black mambas
  12 cane toads
  An ice statue (IceCv)
  An orange demon (Lair:3)
  Psyche (D:8)
  9 rime drakes
  2 unseen horrors
  6 trolls
  10 komodo dragons
  12 polar bears
  8 tyrant leeches
  16 hornets
  11 blink frogs
  8 dream sheep (Lair:5)
  5 slime creatures
  52 yaks
  A water elemental (D:12)
  A basilisk (Lair:1)
  18 spriggans
  4 wyverns
  10 wraiths
  2 steam dragons (D:9)
  11 vampire mosquitoes
  4 nagas (Lair:3)
  3 acid dragons
  7 swamp worms
  7 water moccasins
  7 swamp drakes
  An ice beast (D:5)
  3 black bears (Lair:5)
  12 orc warriors
  2 ogres
  3 boggarts (Lair:5)
  38 wolves
  3 centaurs
  A phantom (D:7)
  5 bullfrogs
  3 scorpions
  8 wights
  14 killer bees
  12 howler monkeys
  7 electric eels (D:12)
  Crazy Yiuf (D:3)
  3 jellies
  2 orc priests
  2 hounds
  6 iguanas
  Terence (D:2)
  A gnoll bouda (D:5)
  8 orc wizards
  9 gnolls
  7 adders
  2 shadow imps
  2 white imps
  An ufetubus (D:6)
  2 worms
  2 dart slugs
  70 orcs
  12 endoplasms
  3 giant cockroaches
  7 goblins
  9 hobgoblins
  5 jackals
  4 quokkas
  10 ball pythons
  6 bats
  2 frilled lizards (D:2)
  9 kobolds
  4 rats
  A spectral orc (D:8)
656 creatures vanquished.

Vanquished Creatures (collateral kills)
  Rupert (D:12)
  A frost giant (IceCv)
  Nessos (Lair:3)
  6 hydras
  A swamp dragon (Swamp:4)
  A bog body (Swamp:4)
  2 spriggan druids (Swamp:4)
  A polar bear (IceCv)
  2 yaks (IceCv)
  A swamp drake (Swamp:4)
  A wolf (IceCv)
18 creatures vanquished.

Vanquished Creatures (others)
  2 bloated husks
  A spriggan (Swamp:1)
  A howler monkey (D:9)
  24 foxfires
28 creatures vanquished.

Grand Total: 702 creatures vanquished

Notes
Turn   | Place    | Note
-------+----------+-------------------------------------------
     0 | D:1      | eliilek the Minotaur Fighter began the quest for the Orb.
     0 | D:1      | Reached XP level 1. HP: 19/19 MP: 0/0
    54 | D:1      | Found a large runed translucent door.
    54 | D:1      | Found a large runed translucent door.
   108 | D:1      | Reached XP level 2. HP: 27/27 MP: 1/1
   175 | D:1      | Reached skill level 1 in Dodging
   202 | D:1      | Reached XP level 3. HP: 33/33 MP: 2/2
   321 | D:1      | Reached skill level 4 in Shields
  1270 | D:2      | Noticed Terence
  1285 | D:2      | Killed Terence
  1286 | D:2      | Reached XP level 4. HP: 24/40 MP: 3/3
  1865 | D:3      | Reached skill level 5 in Armour
  1900 | D:3      | Reached XP level 5. HP: 26/47 MP: 4/4
  2224 | D:3      | Found a runed translucent door.
  2225 | D:3      | Noticed Crazy Yiuf
  2292 | D:3      | Found a bloodstained altar of Trog.
  2306 | D:3      | Became a worshipper of Trog the Wrathful
  2398 | D:3      | Killed Crazy Yiuf
  2399 | D:3      | Reached skill level 1 in Axes
  2579 | D:4      | Noticed a centaur
  2587 | D:4      | Killed a centaur
  2588 | D:4      | Reached XP level 6. HP: 49/55 MP: 5/5
  2648 | D:4      | Found a staircase to the Ecumenical Temple.
  2696 | D:4      | Reached skill level 5 in Fighting
  2713 | D:4      | Reached skill level 5 in Shields
  3107 | D:1      | Reached * piety under Trog
  3302 | D:5      | Entered Level 5 of the Dungeon
  3512 | D:5      | Noticed an ice beast
  3525 | D:5      | Killed an ice beast
  3526 | D:5      | Reached XP level 7. HP: 55/61 MP: 6/6
  3854 | D:5      | Found an opulent altar of Gozag.
  3931 | D:5      | Reached skill level 5 in Axes
  4488 | D:6      | Reached skill level 6 in Shields
  4754 | D:6      | Reached XP level 8. HP: 70/70 MP: 7/7
  4783 | D:6      | Reached ** piety under Trog
  5509 | D:7      | Reached skill level 7 in Shields
  5721 | D:7      | Reached XP level 9. HP: 79/79 MP: 8/8
  6177 | D:8      | Found a broken altar of Ashenzari.
  6179 | D:8      | Found a blossoming altar of Fedhas.
  6305 | D:8      | Noticed Pikel
  6315 | D:8      | Killed Pikel
  6316 | D:8      | Reached skill level 8 in Shields
  6410 | D:8      | Noticed Psyche
  6422 | D:8      | Killed Psyche
  6505 | D:8      | Noticed Joseph
  6521 | D:8      | Killed Joseph
  6522 | D:8      | Reached skill level 10 in Axes
  6610 | D:8      | Found a hazy altar of Hepliaklqana.
  6723 | D:9      | Reached XP level 10. HP: 45/90 MP: 9/9
  6960 | D:9      | Found a flagged portal.
  6969 | Bailey   | Entered a bailey
  6985 | Bailey   | Reached *** piety under Trog
  7164 | Bailey   | Noticed an orc knight
  7173 | Bailey   | Killed an orc knight
  7174 | Bailey   | Reached skill level 9 in Shields
  7811 | D:9      | Reached skill level 10 in Armour
  8015 | D:10     | Entered Level 10 of the Dungeon
  8084 | D:10     | Found a glowing silver altar of Zin.
  8084 | D:10     | Noticed an angel
  8303 | D:10     | Reached **** piety under Trog
  8371 | D:10     | Reached XP level 11. HP: 99/99 MP: 10/10
  8403 | D:10     | Reached skill level 10 in Fighting
  8578 | D:10     | Reached skill level 10 in Shields
  9007 | D:11     | Found a staircase to the Lair.
  9025 | Lair:1   | Entered Level 1 of the Lair of Beasts
 10036 | Lair:2   | Noticed an eight-headed hydra
 10044 | Lair:1   | Killed a 12-headed hydra
 10547 | Lair:2   | Reached skill level 11 in Shields
 10553 | Lair:2   | Reached XP level 12. HP: 98/110 MP: 11/11
 10810 | Lair:2   | Reached skill level 5 in Dodging
 10951 | Lair:2   | Found a staircase to the Swamp.
 10951 | Lair:2   | Noticed a six-headed hydra
 10966 | Lair:2   | Killed a six-headed hydra
 11277 | Lair:2   | Noticed an eight-headed hydra
 11293 | Lair:2   | Killed an eight-headed hydra
 11920 | Lair:3   | Noticed Amaemon
 11923 | Lair:3   | Reached skill level 15 in Axes
 11937 | Lair:3   | Killed Amaemon
 12079 | Lair:3   | Found a staircase to the Snake Pit.
 12163 | Lair:3   | Reached skill level 12 in Shields
 12164 | Lair:3   | Reached ***** piety under Trog
 12251 | Lair:3   | Reached XP level 13. HP: 63/118 MP: 12/12
 12349 | Lair:3   | Noticed Urug
 12361 | Lair:3   | Killed Urug
 12485 | Lair:3   | Noticed Nessos
 12505 | Lair:3   | Killed Nessos
 12514 | Lair:3   | HP: 5/119 [poisoned by Nessos]
 13068 | Lair:4   | Found a runed translucent gate.
 13068 | Lair:4   | Found a runed translucent gate.
 13068 | Lair:4   | Found a runed translucent gate.
 13068 | Lair:4   | Noticed an azure jelly
 13068 | Lair:4   | Noticed a rockslime
 13068 | Lair:4   | Noticed an acid blob
 13068 | Lair:4   | Noticed an azure jelly
 13068 | Lair:4   | Noticed an azure jelly
 13068 | Lair:4   | Noticed an acid blob
 13068 | Lair:4   | Noticed an acid blob
 13068 | Lair:4   | Noticed an acid blob
 13069 | Lair:4   | Found a viscous altar of Jiyva.
 13069 | Lair:4   | Noticed auo's ghost (journeyman DrTm)
 13069 | Lair:4   | Noticed a quicksilver ooze
 13069 | Lair:4   | Noticed an acid blob
 13611 | Lair:4   | Reached skill level 13 in Shields
 13740 | Lair:4   | Reached skill level 14 in Shields
 14519 | Lair:5   | Entered Level 5 of the Lair of Beasts
 14578 | Lair:5   | Reached XP level 14. HP: 91/129 MP: 13/13
 14734 | Lair:5   | Reached skill level 15 in Shields
 14884 | Lair:5   | Noticed Zaihatrei's ghost (journeyman MiBe)
 14890 | Lair:5   | Found a runed translucent gate.
 14890 | Lair:5   | Found a runed translucent gate.
 14891 | Lair:5   | Found a runed translucent gate.
 15259 | Lair:5   | Reached ****** piety under Trog
 15284 | Lair:5   | Received a gift from Trog
 15394 | Lair:5   | Reached skill level 16 in Shields
 15522 | Lair:5   | Identified the +5 long sword of Past Mistakes {elec, rF+
                  | rN+ Int-3 Dex+2}
 15715 | Lair:5   | Found a runed translucent door.
 15715 | Lair:5   | Found a viscous altar of Jiyva.
 15715 | Lair:5   | Found a staircase to the Slime Pits.
 16172 | D:11     | Noticed Snorg
 16186 | D:11     | Killed Snorg
 16721 | D:11     | Found a sacrificial altar of Ru.
 16870 | D:12     | Found a frozen archway.
 16908 | IceCv    | Entered an ice cave
 16958 | IceCv    | Reached skill level 17 in Shields
 17011 | IceCv    | Received a gift from Trog
 17296 | IceCv    | Reached skill level 15 in Fighting
 17301 | IceCv    | Reached XP level 15. HP: 122/141 MP: 14/14
 17326 | IceCv    | Noticed a frost giant
 17337 | IceCv    | Killed a frost giant
 17501 | D:12     | Found a staircase to the Orcish Mines.
 17545 | D:12     | Identified the +3 ring mail of Dramatic Exits {Contam rF+
                  | rN+ Int+5}
 18205 | D:12     | Reached skill level 15 in Armour
 18256 | D:12     | Noticed Rupert
 18263 | D:12     | Killed Rupert
 18406 | D:12     | Noticed Josephine
 18414 | D:12     | Killed Josephine
 18431 | D:12     | Identified the ring of the Castellan {rN+ Str+6 Stlth-}
 18441 | D:12     | Noticed Nergalle
 18452 | D:12     | Killed Nergalle
 18453 | D:12     | Reached skill level 18 in Shields
 18522 | D:12     | Noticed Frances
 18537 | D:12     | Killed Frances
 19055 | Swamp:1  | Entered Level 1 of the Swamp
 19322 | Swamp:1  | Noticed a thorn hunter
 19342 | Swamp:1  | Killed a thorn hunter
 20133 | Swamp:2  | Found a white marble altar of Elyvilon.
 20774 | Swamp:3  | Reached skill level 19 in Shields
 21312 | Swamp:3  | Received a gift from Trog
 21887 | Swamp:4  | Entered Level 4 of the Swamp
 22197 | Swamp:4  | Reached XP level 16. HP: 89/152 MP: 15/15
 22457 | Swamp:4  | HP: 7/152 [seven-headed hydra (10)]
 22457 | Swamp:4  | HP: 3/152 [seven-headed hydra (4)]
 22469 | Swamp:4  | Reached skill level 20 in Shields
 22472 | Swamp:4  | Demolished by a bunyip

Illustrated notes

Levels and vault maps discovered:
D:1:      erik_arrival_cave_to_civilisation [erik_arrival_cave_to_temple],
          layout_basic, minmay_box_of_dots
D:2:      minmay_kobold_bridge, layout_basic, uniq_terence
D:3:      layout_rooms, lemuel_coloured_pillars_altar, uniq_crazy_yiuf_cottage
D:4:      layout_rooms, minmay_temple_entry_gardened_gates
D:5:      layout_basic, kennysheep_mini_moat
D:6:      layout_layer_cave, nicolae_figureground_pulse
D:7:      layout_loops_ring
D:8:      layout_rooms, jmf_multi_god_temple,
          nicolae_hepliaklqana_monster_ancestors, uniq_pikel, uniq_psyche,
          uniq_joseph
D:9:      layout_stronghold, enter_bailey_7
D:10:     layout_roguey [special_room_orc], zin_angel
D:11:     layout_loops_ring, lair_entry_dummy, minmay_misc_feat_ornament,
          nicolae_ru_path_of_blood, uniq_snorg
D:12:     kennysheep_blocky_hall, layout_basic,
          portal_ice_cave_entry_animals_and_master, uniq_rupert, uniq_josephine,
          uniq_frances, uniq_nergalle
Lair:1:   layout_small_grid
Lair:2:   layout_chaotic_city, minmay_swamp_entry_reptiles, grunt_megastairs_2
Lair:3:   layout_concentric_octagons, minmay_snake_entry_guardpost_small,
          minivault_26, uniq_urug, uniq_nessos, uniq_amaemon
Lair:4:   cheibrodos_lair_river_kwai, layout_regular_city, gammafunk_ghost_ooze,
          grunt_megastairs_4
Lair:5:   minmay_lair_end_enchanted_forest, layout_long_grid, slime_entry_2,
          gammafunk_ghost_split
Swamp:1:  layout_basic_swamp, evilmike_swamp_ruin_rubble_1
Swamp:2:  layout_basic_swamp, nicolae_swamp_little_swirl, lemuel_altar_in_water,
          swamp_pool4
Swamp:3:  layout_basic_swamp, evilmike_swamp_ruin_house_3, nicolae_swamp_oxbows
Swamp:4:  swamp_alternative, layout_basic_swamp

Skill      XL: |  1  2  3  4  5  6  7  8  9 10 11 12 13 14 15 16 |
---------------+-------------------------------------------------+-----
Armour         | 4 5 6 7 9 10 11 12 13 14 16 | 16.4
Dodging        | 1 2 4 6 8 |  8.0
Fighting       | 4 5 6 7 8 9 11 12 13 15 16 | 16.7
Shields        | 4 5 6 7 8 9 11 12 14 17 19 20 | 20.0
Axes           | 2 4 5 8 10 12 13 15 16 | 16.2
Maces & Flails | |  2.4

Action                     |  1- 3 |  4- 6 |  7- 9 | 10-12 | 13-15 | 16-18 || total
---------------------------+-------+-------+-------+-------+-------+-------++-------
  Melee: Flail             |    94 |    45 |       |       |    24 |    18 ||   181
         Headbutt          |    13 |    17 |    35 |   117 |   376 |    25 ||   583
         War axe           |       |    93 |   167 |   488 |  1360 |    73 ||  2181
         Morningstar       |       |       |       |    19 |     7 |       ||    26
 Invoke: Trog's Hand       |       |       |     1 |       |     2 |       ||     3
         Berserk           |       |       |       |     2 |     1 |     1 ||     4
         Brothers in Arms  |       |       |       |     1 |     4 |     3 ||     8
    Use: Potion            |       |     1 |       |       |       |     2 ||     3
         Scroll            |       |       |    14 |     5 |     2 |       ||    21
   Stab: Petrified         |       |       |       |       |     2 |       ||     2
         Petrifying        |       |       |       |       |     1 |       ||     1
         Distracted        |       |       |       |       |     2 |     2 ||     4
 Armour: Scale mail        |    45 |     6 |       |       |       |       ||    51
         Chain mail        |       |    76 |    11 |       |       |       ||    87
         Plate armour      |       |       |    68 |   299 |   587 |    71 ||  1025
         Skin              |       |       |     5 |       |       |       ||     5
  Dodge: Dodged            |    54 |    28 |    23 |   143 |   371 |    47 ||   666
  Block: Buckler           |    14 |       |       |       |       |       ||    14
         Tower shield      |    26 |   131 |   131 |   510 |  1205 |   113 ||  2116
